 Dungeon Crawl Stone Soup version 0.21.1-1-g345015f (webtiles) character file.

88 bobthegiant the Ruffian (level 4, 0/36 (37) HPs)
             Began as a Ghoul Warper on Feb 22, 2018.
             Slain by an orc
             ... wielding a +0 hand axe
              (6 damage)
             ... on level 3 of the Dungeon.
             The game lasted 00:06:58 (1623 turns).

bobthegiant the Ruffian (Ghoul Warper)              Turns: 1623, Time: 00:06:59

HP:   0/36 (37)     AC:  5    Str: 14    XL:     4   Next: 54%
MP:   5/5           EV: 10    Int:  8    God:
Gold: 92            SH:  3    Dex:  9    Spells: 6/6 levels left

rFire    . . .     SeeInvis .     - Unarmed
rCold    + . .     Gourm    .   (no shield)
rNeg     + + +     Faith    .   h - +0 ring mail
rPois    ∞         Spirit   .   (no helmet)
rElec    .         Reflect  +   (no cloak)
rCorr    .         Harm     .   (no gloves)
MR       .....                  (no boots)
Stlth    ..........             r - +3 amulet of reflection
HPRegen  0.00/turn              (no ring)
MPRegen  0.09/turn              (no ring)

@: rotting
A: rotting body, claws 1, carnivore, cold resistance 1, negative energy
resistance 3, inhibited regeneration, torment resistance, unbreathing
a: no special abilities


You were on level 3 of the Dungeon.
You were not hungry.

You visited 1 branch of the dungeon, and saw 3 of its levels.

You collected 92 gold pieces.

Inventory:

Missiles
 d - 5 tomahawks of dispersal (quivered)
 k - 22 stones
 q - 9 poisoned needles
Armour
 a - a +0 leather armour
 h - a +0 ring mail (worn)
Jewellery
 r - a +3 amulet of reflection (around neck)
Scrolls
 c - 2 scrolls of blinking
 g - a scroll of immolation {unknown}
 i - a scroll of fear
 j - a scroll of identify
 l - a scroll of teleportation
 m - a scroll of remove curse
 s - a scroll of enchant armour {unknown}
Potions
 e - a potion of degeneration
 o - a potion of cancellation {unknown}
 p - a potion of resistance {unknown}
Books
 t - a book of Spatial Translocations

   Spells                             Type                      Level
   a - Blink                          Translocation                2
   b - Shroud of Golubria             Charms/Translocation         2
   c - Lesser Beckoning               Translocation                3
   d - Gell's Gravitas                Translocation                3
   e - Teleport Other                 Translocation                3
   f - Passage of Golubria            Translocation                4
Comestibles
 b - 3 chunks of flesh
 f - 7 rations


   Skills:
 + Level 2.6 Fighting
 - Level 0.8 Throwing
 - Level 0.8 Armour
 - Level 1.7 Dodging
 + Level 4.8 Unarmed Combat
 - Level 1.7 Spellcasting
   Level 2.6 Translocations


You had 6 spell levels left.
You didn't know any spells.

Dungeon Overview and Level Annotations

Branches:
Dungeon (3/15)

Altars:

Annotations:
D:3 2 transporters, grindst0ne's ghost, amateur FoAM


Innate Abilities, Weirdness & Mutations

Your body is rotting away.
You thrive on raw meat.
You are immune to poison.
You have sharp fingernails.
You are carnivorous and can eat meat at any time.
Your flesh is cold resistant. (rC+)
You are immune to negative energy. (rN+++)
You do not regenerate when monsters are visible.
You are immune to unholy pain and torment.
You can survive without breathing.


Message History

You scratch the orc.
The orc is almost dead.
You barely miss the orc.
The orc is almost dead.
The orc hits you with a hand axe.
The orc wizard points at you and mumbles some strange words.
The magic dart hits you!
You barely miss the orc.
The orc is almost dead.
The orc misses you.
You closely miss the orc wizard.
The orc wizard is lightly wounded.
The orc closely misses you.
The orc wizard points at you and mumbles some strange words.
The magic dart hits you!
* * * LOW HITPOINT WARNING * * *
You scratch the orc wizard.
The orc wizard is moderately wounded.
The orc hits you with a hand axe.
You die...

#.##.#### .#
#.......##.
.####.##.#..
##.###..#..#.#
.%......#..#.##
###..##..#..#... .
#..............#
##.####.....#....##...
#..go@o...............
#..##[...##...........
# #..........#######
####.......# #.......#
#####+#.# ..# ..# ..#


You could see an orc wizard, an orc and a goblin.

Vanquished Creatures
  An orc priest (D:3)
  2 adders
  An ooze (D:3)
  A worm (D:2)
  A dart slug (D:3)
  2 orcs (D:3)
  2 giant cockroaches
  4 goblins
  3 hobgoblins
  7 kobolds
  A ball python (D:1)
  A bat (D:2)
  4 frilled lizards
  4 rats
34 creatures vanquished.

Notes
Turn   | Place    | Note
-------+----------+-------------------------------------------
     0 | D:1      | bobthegiant the Ghoul Warper began the quest for the Orb.
     0 | D:1      | Reached XP level 1. HP: 17/17 MP: 2/2
   236 | D:1      | Reached skill level 3 in Unarmed Combat
   236 | D:1      | Reached XP level 2. HP: 24/24 MP: 3/3
   580 | D:2      | Reached XP level 3. HP: 17/28 MP: 4/4
  1186 | D:2      | Reached skill level 4 in Unarmed Combat
  1310 | D:3      | Noticed grindst0ne's ghost (amateur FoAM)
  1312 | D:3      | Found a transporter.
  1330 | D:3      | Found a transporter.
  1549 | D:3      | Reached XP level 4. HP: 34/35 MP: 5/5
  1623 | D:3      | Slain by an orc

Skill      XL: |  1  2  3 |
---------------+----------+-----
Unarmed Combat | 3 4 |  4.8
Fighting       | |  2.6
Throwing       | |  0.8
Armour         | |  0.8
Dodging        | |  1.7
Spellcasting   | |  1.7
Translocations | |  2.6

Action                   |  1- 3 |  4- 6 || total
-------------------------+-------+-------++-------
Melee: Unarmed           |    92 |    21 ||   113
       Punch             |     1 |       ||     1
  Use: Scroll            |     6 |       ||     6
  Eat: Chunk             |     8 |     1 ||     9
Armor: Ring mail         |    23 |     1 ||    24
       Leather armour    |     1 |       ||     1
Dodge: Dodged            |    48 |     5 ||    53
Block: Other             |       |     2 ||     2
